[Event "Latvijas 2022. gada jauniešu čempionāta fināls"]
[Site "Riga, Latvia"]
[Date "2022.06.15"]
[Round "7.26"]
[White "Freibergs, Andrejs"]
[Black "Krasilnikovs, Aleksandrs"]
[Result "1/2-1/2"]
[TimeControl "3600+30"]
[WhiteElo "1526"]
[BlackElo "1339"]

1. e4 c6 2. d4 d5 3. Nc3 dxe4 4. Nxe4 Bf5 5. Nc5 b6 6. Nb3 Nf6 7. Nf3 e6 8. g3 Bd6 9. Bg2 O-O 10.
O-O Qc7 11. Qe2 Nbd7 12. c4 Rac8 13. Be3 Rfe8 14. Rfd1 Qb8 15. Nc1 e5 16. dxe5 Nxe5 17. Nxe5 Bxe5 18. Nd3 Bd4 19. Qf3 Bg4 20.
Bxd4 Bxf3 21. Bxf3 Qd6 22. Bc3 Ne4 23. Ne5 Qe6 24. Bxe4 f6 25. Bxc6 Rxc6 26. Nxc6 Qxc6 27. Re1 Rxe1+ 28. Rxe1 1/2-1/2

[Event "Latvijas 2022. gada jauniešu čempionāta fināls"]
[Site "Riga, Latvia"]
[Date "2022.06.15"]
[Round "7.27"]
[White "Francs, Marats"]
[Black "Karasevics, Aleksandrs"]
[Result "1-0"]
[TimeControl "3600+30"]
[WhiteElo "1882"]
[BlackElo "1427"]

1. d4 d5 2. Nf3 Nf6 3. c4 dxc4 4. e3 Bg4 5. Bxc4 e6 6. Nc3 a6 7. a4 Nc6 8. h3 Bh5 9. g4 Bg6 10.
Qe2 Bb4 11. Bd2 Qd7 12. Rc1 Rd8 13. Rg1 Na5 14. Ne5 Qe7 15. h4 Nxc4 16. Qxc4 Bd6 17. h5 Be4 18. g5 Bd5 19. gxf6 gxf6 20.
Nxd5 exd5 21. Qxd5 Bxe5 22. Qxb7 Bxd4 23. Rxc7 Qd6 24. exd4 1-0

[Event "Latvijas 2022. gada jauniešu čempionāta fināls"]
[Site "Riga, Latvia"]
[Date "2022.06.16"]
[Round "8.1"]
[White "Vingris, Mikelis"]
[Black "Germanovs, Georgijs"]
[Result "1/2-1/2"]
[TimeControl "3600+30"]
[WhiteElo "1781"]
[BlackElo "1750"]

1. e4 e6 2. d4 d5 3. Nc3 Nf6 4. e5 Nfd7 5. f4 c5 6. Nf3 Nc6 7. Be3 cxd4 8. Nxd4 Bb4 9. a3 Bxc3+ 10. bxc3 O-O 11. Bd3 Nxd4 12. Bxd4 Qh4+ 13. g3 Qh3 14. Qe2 b6 15. Qf1 Qxf1+ 16. Rxf1 Nc5 17. Kd2 Bd7 18. Rfb1 Rac8 19.
g4 Rc7 20. h4 f6 21. Rb4 Nb7 22. Rf1 Na5 23. Rbb1 fxe5 24. Bxe5 Nc4+ 25. Bxc4 Rxc4 26. Bd4 Ra4 27. Ra1 e5 1/2-1/2

[Event "Latvijas 2022. gada jauniešu čempionāta fināls"]
[Site "Riga, Latvia"]
[Date "2022.06.16"]
[Round "8.2"]
[White "Sokolovskis, Pavels"]
[Black "Krasilnikovs, Aleksandrs"]
[Result "1/2-1/2"]
[TimeControl "3600+30"]
[WhiteElo "1572"]
[BlackElo "1339"]

1. e4 c6 2. d4 d5 3. f3 g6 4. Be3 Bg7 5. e5 e6 6. Bd3 Nd7 7. Ne2 Qc7 8. O-O c5 9. c3 b6 10.
Qd2 h5 11. f4 Ne7 12. f5 gxf5 13. Nf4 Ng6 14. Qf2 Nxf4 15. Bxf4 Nf8 16. Nd2 Ng6 17. Bg5 a5 18. Nf3 Ba6 19.
Bxa6 Rxa6 20. Nh4 c4 21. Nxg6 fxg6 22. b3 b5 23. Qe2 a4 24. bxc4 bxc4 25. Rab1 Kd7 26. Rb5 Rb8 27. Rfb1 Rab6 28.
Rxb6 Rxb6 29. Qc2 Rxb1+ 30. Qxb1 Bf8 31. Qb5+ Qc6 32. Qb8 Qc8 33. Qa7+ Qc7 34. Qxa4+ Qc6 35. Qa7+ Qc7 36. Qxc7+ Kxc7 37.
Kf2 Ba3 38. h3 Kc6 39. g4 hxg4 40. hxg4 Kb5 41. gxf5 gxf5 42. Ke2 Ka4 43. Kd2 Bb2 44. Be7 Ba3 45. Bd6 f4 46. Ke2 Bb2 47.
Bb4 Bc1 48. Be7 Ba3 49. Bd6 1/2-1/2

[Event "Latvijas 2022. gada jauniešu čempionāta fināls"]
[Site "Riga, Latvia"]
[Date "2022.06.16"]
[Round "8.3"]
[White "Bogdanovics, Kirills"]
[Black "Sterns, Tomass Kristians"]
[Result "1-0"]
[TimeControl "3600+30"]
[WhiteElo "1785"]
[BlackElo "1431"]

1. d4 Nf6 2. c4 e6 3. Nc3 Bb4 4. f3 O-O 5. e4 Bxc3+ 6. bxc3 d5 7. e5 Nfd7 8. cxd5 exd5 9. f4 f5 10.
Nf3 c6 11. Bd3 Nb6 12. Ba3 Re8 13. Qc2 g6 14. h4 Nc4 15. Bxc4 dxc4 16. h5 Kg7 17. hxg6 hxg6 18. Ng5 Rh8 19.
O-O-O Na6 20. e6 Qa5 21. Rxh8 Qxa3+ 22. Kb1 Kxh8 23. Qf2 Bxe6 24. Qh4+ Kg7 25. Nxe6+ Kf7 26. Ng5+ Ke7 27. Re1+ Kd7 28.
Qh7+ Kd8 29. Qf7 Nc7 30. Re8+ 1-0

[Event "Latvijas 2022. gada jauniešu čempionāta fināls"]
[Site "Riga, Latvia"]
[Date "2022.06.16"]
[Round "8.4"]
[White "Mierins, Emils Janis"]
[Black "Krastins, Arturs"]
[Result "1-0"]
[TimeControl "3600+30"]
[WhiteElo "2016"]
[BlackElo "1506"]

1. e4 g6 2. d4 Bg7 3. Nc3 d6 4. Nge2 a6 5. a4 b6 6. g3 Bb7 7. Bg2 Nd7 8. O-O e6 9. Be3 c5 10.
dxc5 dxc5 11. f4 Ne7 12. Qd6 Nd5 13. Nxd5 exd5 14. Bh3 Bf8 15. Bxd7+ Qxd7 16. Qe5+ Qe7 17. Qxh8 f6 18. e5 O-O-O 19. Qxf6 Qd7 20. Nd4 cxd4 21. Bxd4 Bc6 22. f5 Re8 23. fxg6 Bc5 24. c3 Bxd4+ 25. cxd4 hxg6 26. Qxg6 Bxa4 27.
Qxb6 1-0

[Event "Latvijas 2022. gada jauniešu čempionāta fināls"]
[Site "Riga, Latvia"]
[Date "2022.06.16"]
[Round "8.6"]
[White "Merzlovs, Timurs"]
[Black "Jeronovics, Toms"]
[Result "0-1"]
[TimeControl "3600+30"]
[WhiteElo "1152"]
[BlackElo "1273"]

1. e4 e5 2. Nf3 Nc6 3. d4 exd4 4. Nxd4 Nf6 5. Nc3 Bb4 6. Nxc6 bxc6 7. Bd3 O-O 8. O-O d5 9. exd5 cxd5 10.
Bg5 c6 11. Qf3 Re8 12. Bxf6 Qxf6 13. Qxf6 gxf6 14. Ne2 Bd6 15. Ng3 Rb8 16. Rfe1 Re5 17. f4 Re6 18. Bf5 Rxe1+ 19. Rxe1 Bxf5 20.
Nxf5 Bc5+ 21. Kf1 Rxb2 22. Re8+ Bf8 23. Ne7+ Kg7 24. Nf5+ Kg6 25. g4 h5 26. Rxf8 hxg4 27. Nd6 Rxc2 28.
Rxf7 Rxa2 29. f5+ Kg5 30. Kg1 Kf4 31. Rxf6 Kf3 32. h4 g3 0-1

[Event "Latvijas 2022. gada jauniešu čempionāta fināls"]
[Site "Riga, Latvia"]
[Date "2022.06.16"]
[Round "8.7"]
[White "Gansone, Aiga"]
[Black "Maklakova, Naomi"]
[Result "0-1"]
[TimeControl "3600+30"]
[WhiteElo "1021"]
[BlackElo "1488"]

1. e4 e5 2. Nf3 Nc6 3. Bc4 Nf6 4.
d3 h6 5.
O-O Bc5 6. Nc3 d6 7. h3 O-O 8. Kh1 Be6 9. Bb3 Qd7 10. Bxe6 fxe6 11. Nh2 Qf7 12. f4 Nh5 13. Rf3 Nd4 14.
Rf2 Nf5 15. Qe1 Nfg3+ 16. Kg1 Bxf2+ 17. Kxf2 exf4 18. Nf3 e5 19. Nd5 c6 20. Nc3 Rae8 21. b3 Nf6 22. Ba3 Re6 23. Ne2 Rfe8 24.
Nxg3 fxg3+ 25. Kxg3 Qg6+ 26. Kh2 d5 27. exd5 cxd5 28. Nd2 e4 29. dxe4 Nxe4 30. Nxe4 dxe4 31. Bc5 e3 0-1

[Event "Latvijas 2022. gada jauniešu čempionāta fināls"]
[Site "Riga, Latvia"]
[Date "2022.06.16"]
[Round "8.9"]
[White "Apine, Emilija"]
[Black "Spirkova, Marija"]
[Result "1/2-1/2"]
[TimeControl "3600+30"]
[WhiteElo "1137"]
[BlackElo "1487"]

1. e4 e5 2. Nf3 Nc6 3. Bb5 d6 4. d4 exd4 5. Nxd4 Bd7 6. Nc3 Nf6 7. O-O Be7 8. Nxc6 Bxc6 9. Bxc6+ bxc6 10.
f4 O-O 11. Qf3 Qd7 12. h3 Rad8 13. b3 Ne8 14. Bb2 f5 15. Rad1 fxe4 16. Nxe4 Nf6 17. Nxf6+ Bxf6 18. Bxf6 Rxf6 19.
Rd4 c5 20. Ra4 c6 21. Re4 d5 22. Re5 Rdf8 23. Qe3 Qd6 24. f5 d4 25. Qe4 1/2-1/2

[Event "Latvijas 2022. gada jauniešu čempionāta fināls"]
[Site "Riga, Latvia"]
[Date "2022.06.16"]
[Round "8.10"]
[White "Stare, Evelina"]
[Black "Jansone, Melanija Luize"]
[Result "0-1"]
[TimeControl "3600+30"]
[WhiteElo "1167"]
[BlackElo "1590"]

1. e4 d6 2. Nf3 Nf6 3. Bc4 Nxe4 4. d3 Nf6 5. O-O g6 6. Re1 Bg7 7. Bg5 O-O 8. Nc3 c5 9. Bxf6 Bxf6 10.
Qd2 Nc6 11. Rab1 a6 12. Nd5 Bg7 13. Qe3 e6 14. Nf4 d5 15. Bb3 Qd6 16. Qd2 Bh6 17. g3 e5 18. Re2 exf4 19. Rbe1 Bg4 20.
Kg2 Nd4 21. Kf1 Bh3+ 22. Kg1 Nxf3+ 23. Kh1 Nxd2 24. Rxd2 fxg3 25. Rde2 c4 26. dxc4 dxc4 27. Bxc4 Qc6+ 28. f3 Qxf3+ 29. Kg1 gxh2+ 30. Rxh2 Be3+ 31. Rxe3 Qxe3+ 32. Rf2 Qg3+ 33. Rg2 Qxg2# 0-1

[Event "Latvijas 2022. gada jauniešu čempionāta fināls"]
[Site "Riga, Latvia"]
[Date "2022.06.16"]
[Round "8.11"]
[White "Skreitule, Undine"]
[Black "Kuznecova, Marija"]
[Result "0-1"]
[TimeControl "3600+30"]
[WhiteElo "1192"]
[BlackElo "1783"]

1. d4 Nf6 2. Nf3 c5 3. c3 d5 4. Bf4 Nc6 5. e3 Qb6 6. Qb3 c4 7. Qxb6 axb6 8. Na3 Bf5 9. Ne5 Nxe5 10.
Bxe5 Kd7 11. f3 e6 12. Nb1 Bxb1 13. Rxb1 Rxa2 14. Bxf6 gxf6 15. Be2 b5 16. O-O b4 17. Rf2 Kc6 18.
e4 Bd6 19. cxb4 Bxb4 20. Bf1 Rha8 21.
g3 Ra1 22. Rxa1 Rxa1 23. Re2 Rd1 24.
exd5+ exd5 25. f4 Rxd4 26. Rc2 Kc5 27. Rc1 Rd2 28. b3 b5 29. h3 Ba3 30. Rc3 b4 31. Re3 Kd4 32. Re7 cxb3 33.
Rxf7 b2 34. Rxf6 b1=Q 35. Rd6 Rd1 36. Kg2 Rxf1 37. h4 Rg1+ 38. Kh2 Rh1+ 39. Kg2 Qf1# 0-1

[Event "Latvijas 2022. gada jauniešu čempionāta fināls"]
[Site "Riga, Latvia"]
[Date "2022.06.16"]
[Round "8.17"]
[White "Steiners, Emils"]
[Black "Aleksejevs, Daniils"]
[Result "1-0"]
[TimeControl "3600+30"]
[WhiteElo "1601"]
[BlackElo "1197"]

1. e4 c5 2. d4 cxd4 3. c3 dxc3 4. Nxc3 e6 5. Nf3 a6 6. Bc4 b5 7. Bb3 Bb7 8. O-O Ne7 9. Re1 Ng6 10.
Nd5 Nc6 11. Be3 d6 12. Bb6 Qc8 13. Nc7+ Ke7 14. Nxa8 Qxa8 15. Rc1 Kd7 16. Qd2 h5 17. Red1 f6 18. Nd4 e5 19. Nf5 Qb8 20.
Bc5 Nd4 21. Bxd4 Bxe4 22. Ng3 Bxg2 23. Kxg2 Qb7+ 24. Kf1 h4 25. Qe2 hxg3 26. Qg4+ Kd8 27. Bb6+ Ke8 28. Rc8+ Qxc8 29. Qxc8+ Ke7 30.
Qe6# 1-0

[Event "Latvijas 2022. gada jauniešu čempionāta fināls"]
[Site "Riga, Latvia"]
[Date "2022.06.16"]
[Round "8.18"]
[White "Gaidis, Edvards"]
[Black "Tolmacevs, Romans"]
[Result "0-1"]
[TimeControl "3600+30"]
[WhiteElo "1190"]
[BlackElo "1466"]

1. e4 c6 2. d4 d5 3. e5 Bf5 4.
h4 h6 5.
g4 Bd7 6. h5 e6 7. f4 c5 8. Nf3 Qb6 9. c3 Nc6 10. Qb3 Qa5 11. Bd2 c4 12. Qc2 O-O-O 13. b3 cxb3 14. Qxb3 Qc7 15.
Bd3 Na5 16. Qc2 Nc4 17. f5 f6 18.
fxe6 Bxe6 19. Bf5 Qd7 20. Bxe6 Qxe6 21. Qf5 Re8 22. O-O Qxf5 23. gxf5 fxe5 24. dxe5 Nxe5 25. Bf4 Nxf3+ 26. Rxf3 Bc5+ 27.
Kf1 Nf6 28. Nd2 Nxh5 29. Nb3 Bb6 30. Bd6 Kd7 31. Ba3 Re5 32. Rd1 Kc6 33. Nd4+ Bxd4 34. cxd4 Rxf5 35. Rc1+ Kd7 0-1

[Event "Latvijas 2022. gada jauniešu čempionāta fināls"]
[Site "Riga, Latvia"]
[Date "2022.06.16"]
[Round "8.19"]
[White "Varpins, Kristians"]
[Black "Freibergs, Filips"]
[Result "0-1"]
[TimeControl "3600+30"]
[WhiteElo "1374"]
[BlackElo "1250"]

1. e4 e5 2. Nf3 Nc6 3. Nc3 d6 4.
d4 exd4 5. Nxd4 Nf6 6. Nxc6 bxc6 7. Bc4 Be7 8. h3 O-O 9. O-O Bb7 10. Re1 d5 11. exd5 cxd5 12. Bd3 c5 13. Bg5 h6 14.
Bh4 a6 15. a3 Re8 16. Qf3 c4 17.
Bxc4 Qb6 18. Bd3 Qxb2 19. Bxf6 Bxf6 20. Rxe8+ Rxe8 21. Rb1 Qxc3 22. Rxb7 Qc6 23. Rb1 Qd6 24. Kh1 Bd4 25. Qf5 g6 26.
Qf3 Kg7 27. g3 Qxa3 28. Qxd5 Bxf2 29. Qf3 Re1+ 30. Rxe1 Bxe1 31. Kg2 Qd6 32. c4 a5 33. Qe3 Bb4 34. Qe4 Bc5 35. Qd5 Qxd5+ 36. cxd5 Kf6 37. Kf3 Ke5 38. Bc4 Kd4 39. Ba2 Bd6 40. h4 a4 41. g4 a3 42. h5 g5 43. Bb3 Ke5 44. Ba2 f5 45.
Bb3 f4 46. Ba2 Kd4 47. Bb3 Kc3 48. Ba2 Kb2 49. Bc4 a2 50. Bxa2 Kxa2 51. Ke4 Kb3 52. Kd3 Kb4 53. Ke4 Kc4 54.
Kf5 f3 55. Ke4 f2 56. Ke3 f1=Q 0-1

[Event "Latvijas 2022. gada jauniešu čempionāta fināls"]
[Site "Riga, Latvia"]
[Date "2022.06.16"]
[Round "8.20"]
[White "Savicevs, Arsenijs"]
[Black "Francs, Marats"]
[Result "1/2-1/2"]
[TimeControl "3600+30"]
[WhiteElo "1961"]
[BlackElo "1882"]

1. e3 Nf6 2. Nf3 e6 3. c4 d5 4. b3 c5 5. Bb2 Nc6 6. cxd5 exd5 7. Bb5 Bd7 8. O-O a6 9. Bxc6 bxc6 10.
d4 Bd6 11. dxc5 Bxc5 12. Ne5 O-O 13. Qc2 Bd6 14. Nxd7 Qxd7 15. Nd2 Ng4 16. h3 Ne5 17. e4 Ng6 18. Qd3 Be5 19. Bxe5 Nxe5 20.
Qd4 f6 21. Rfd1 Rfd8 22. Nf1 dxe4 23. Qxe4 Qc7 24. Rac1 Rxd1 25. Rxd1 h6 26. Ne3 Rd8 27. Rxd8+ Qxd8 28. Nc4 Qd1+ 29.
Kh2 Qf1 30. Nxe5 fxe5 31. Kg3 Qb5 32.
Qc4+ Qxc4 33. bxc4 Kf7 34. Kf3 Kf6 35. Ke4 Ke6 36. h4 g6 37. f3 Kd6 38. Kd3 Kc5 39. Kc3 1/2-1/2

[Event "Latvijas 2022. gada jauniešu čempionāta fināls"]
[Site "Riga, Latvia"]
[Date "2022.06.16"]
[Round "8.21"]
[White "Jonins, Dmitrijs"]
[Black "Freibergs, Andrejs"]
[Result "0-1"]
[TimeControl "3600+30"]
[WhiteElo "1503"]
[BlackElo "1526"]

1. e4 e6 2. d4 d5 3. exd5 exd5 4. Nf3 Nf6 5. Bd3 c5 6. c3 c4 7. Bc2 Bd6 8. O-O O-O 9. Bg5 Nc6 10.
h3 h6 11. Bh4 g5 12. Bg3 Ne4 13. Bxe4 dxe4 14. Ne5 f5 15. f4 Bxe5 16. dxe5 Qxd1 17. Rxd1 Be6 18. Na3 Rad8 19. Nb5 Rd3 20.
Kh2 Ne7 21. Nd4 Kf7 22. b3 a6 23. bxc4 Bxc4 24. Rdb1 Bd5 25. Rb6 Bc6 26. Rf1 Kg6 27. Ne6 Re8 28. Nd4 Nd5 29. Rb3 gxf4 30.
Bxf4 Nxf4 31. Rxf4 Rxe5 32. g4 Rd2+ 33. Kg3 e3 34. gxf5+ Kf6 35. Rh4 Rg2+ 36. Kf4 Re4+ 37. Kf3 Rxh4+ 38. Nxc6 Rxa2 39. Nd4 b5 40. Kxe3 Rxh3+ 41. Ke4 Rh4+ 42. Kd5 Rh1 43. c4 Rd1 44. Kc5 0-1

[Event "Latvijas 2022. gada jauniešu čempionāta fināls"]
[Site "Riga, Latvia"]
[Date "2022.06.16"]
[Round "8.22"]
[White "Adamovics, Aleksejs"]
[Black "Zajakins, Artjoms"]
[Result "1/2-1/2"]
[TimeControl "3600+30"]
[WhiteElo "1922"]
[BlackElo "1596"]

1. Nf3 Nf6 2. g3 g6 3. Bg2 Bg7 4. O-O d5 5. d4 O-O 6. c4 c6 7. cxd5 cxd5 8. Ne5 Nc6 9. Nxc6 bxc6 10.
Nc3 Bf5 11. b3 c5 12. Be3 Ne4 13.
Rc1 Nxc3 14. Rxc3 cxd4 15. Bxd4 e5 16. Bc5 e4 17. Bd4 Be6 18. f3 f5 19. Bxg7 Kxg7 20. Qd4+ Qf6 21. Qxf6+ Rxf6 22.
Rfc1 Rf7 23. e3 Rd7 24. Rc7 Rad8 25. Bf1 Kf6 26. Kf2 h6 27. Bb5 Rxc7 28. Rxc7 Rc8 29. Rxa7 Rc2+ 30. Be2 Rb2 31.
Rc7 Rxa2 32. b4 Rb2 33. b5 Bf7 34. Rc6+ Ke7 35. Ke1 Rb1+ 36. Kf2 Rb2 37. fxe4 dxe4 38. Ke1 Rb1+ 39. Kd2 Rb2+ 40.
Ke1 Rb1+ 41. Kd2 Rb2+ 42. Kd1 Be8 43. Rb6 g5 44. Rb8 Bd7 45. b6 Kd6 46. Rh8 Rxb6 47. Rxh6+ Kc5 48. Rxb6 Kxb6 49.
h4 gxh4 50. gxh4 Be8 51. h5 Kc5 52. h6 Bg6 53. Ke1 Kd5 54. Kf2 Ke5 55. Kg3 Bh7 56. Bh5 Kf6 57. Kf4 Bg8 58. Be8 Bh7 59.
Bd7 Bg6 60. Bb5 Bh7 61. Bc4 Kg6 62.
Be6 Kxh6 63. Bxf5 Bg8 64. Kxe4 Kg7 65. Ke5 Kf8 66. Kd6 Bb3 67. Bd3 Bf7 68. Bc2 Bh5 69. Be4 Bg4 70. Bd5 Bd1 71.
e4 Bf3 72. e5 Bxd5 73. Kxd5 Ke7 74. Kd4 Ke6 75. Ke4 Ke7 76. Kf5 Kf7 77. e6+ Ke7 78. Ke5 Ke8 79. Kf6 Kf8 80. Kg5 Ke7 81.
Kf5 Ke8 82. Kf6 Kf8 83. e7+ Ke8 84. Ke6 1/2-1/2

[Event "Latvijas 2022. gada jauniešu čempionāta fināls"]
[Site "Riga, Latvia"]
[Date "2022.06.16"]
[Round "8.23"]
[White "Lahs, Einars"]
[Black "Sestakovs, Maksims"]
[Result "1-0"]
[TimeControl "3600+30"]
[WhiteElo "1675"]
[BlackElo "1138"]

1. e4 e6 2. d4 b6 3. Nf3 Bb7 4. Bd3 Nf6 5. Qe2 d6 6. O-O Nbd7 7. c4 Be7 8. Re1 O-O 9. Nc3 a6 10.
Qc2 e5 11. d5 Nc5 12. b3 Nxd3 13. Qxd3 Nd7 14. Be3 f6 15. Nh4 Rf7 16. Nf5 Kh8 17. Rad1 Bf8 18. Qe2 g6 19. Ng3 Bg7 20.
f4 Nf8 21. Rf1 Qe8 22. Rf2 Bc8 23. Rdf1 Nd7 24. fxe5 Nxe5 25. h3 Bd7 26. Bd4 Qe7 27. Qd2 Raf8 28. Nce2 b5 29. cxb5 Bxb5 30.
Qc3 Rc8 31. Bxe5 dxe5 32. Rd1 Qd6 33. Qc2 Bh6 34. Rf3 Qb6+ 35. Kh2 Qd6 36. Nc3 Bd7 37. Qd3 Bf4 38. Qc4 f5 39. Nce2 Bb5 40.
Qc2 Bxg3+ 41. Nxg3 f4 42. Nf1 g5 43. Rc3 Rf6 44. Rc1 Rf7 45. a4 Bxf1 46. Rxf1 Qd7 47. Rc6 g4 48. Qc3 Re7 49.
Rxf4 gxh3 50. gxh3 Qe8 51. Rcf6 Qh5 52. Rf8+ Rxf8 53. Rxf8+ Kg7 54. Qf3 Qxf3 55. Rxf3 Rf7 56. Rxf7+ Kxf7 57. b4 Kf6 58. Kg3 Kg5 59.
a5 h5 60. b5 axb5 61. a6 b4 62. a7 b3 63. a8=Q h4+ 64. Kf3 b2 65. Qb7 b1=Q 66. Qxb1 c5 67. dxc6 Kh5 68. c7 Kh6 69.
c8=Q Kh5 70. Qg4+ Kh6 71. Qb6+ Kh7 72. Qbg6+ Kh8 73. Qh6# 1-0

[Event "Latvijas 2022. gada jauniešu čempionāta fināls"]
[Site "Riga, Latvia"]
[Date "2022.06.16"]
[Round "8.24"]
[White "Steinbergs, Raivo"]
[Black "Podojniks, Marks Ernests"]
[Result "0-1"]
[TimeControl "3600+30"]
[WhiteElo "1397"]
[BlackElo "1372"]

1. d4 d5 2. Nf3 Nf6 3. Bf4 Bf5 4. e3 e6 5. Bd3 Ne4 6. Nbd2 Nd7 7. Ne5 Ndf6 8. Nxe4 Nxe4 9. f3 Nd6 10.
Bxf5 Nxf5 11. Qe2 c6 12. g4 Nd6 13. h4 Be7 14. O-O-O Qa5 15. Kb1 f6 16. Nd3 Nc4 17. e4 Qb6 18.
c3 O-O-O 19. exd5 cxd5 20. Rhe1 e5 21. dxe5 fxe5 22. Nxe5 Bxh4 23. Nxc4 Qg6+ 24. Kc1 Bxe1 25. Nd6+ Rxd6 26.
Bxd6 Qxd6 27. Rxe1 Qh6+ 28. Kc2 Qg6+ 29. Qd3 Qxd3+ 30. Kxd3 Kd7 31. Kd4 Kd6 32. Re5 Rf8 33. Rxd5+ Ke6 34.
Kc4 Rxf3 35. b3 Rf4+ 36. Rd4 Ke5 37. Rxf4 Kxf4 38. Kd5 Kxg4 39. c4 h5 40. c5 h4 41. b4 h3 42. Kd6 h2 43.
b5 h1=Q 44. c6 bxc6 45. bxc6 Qh2+ 46. Kd7 Qxa2 0-1

[Event "Latvijas 2022. gada jauniešu čempionāta fināls"]
[Site "Riga, Latvia"]
[Date "2022.06.16"]
[Round "8.25"]
[White "Fridensteins-Bridins, Atis"]
[Black "Stinka, Gustavs"]
[Result "1-0"]
[TimeControl "3600+30"]
[WhiteElo "1704"]
[BlackElo "1086"]

1. d4 Nf6 2. c4 c5 3. d5 e6 4. Nc3 exd5 5. cxd5 d6 6. e4 g6 7. Bf4 a6 8. a4 b6 9. Bd3 Bg7 10.
Nge2 O-O 11. Qd2 Nh5 12. Bh6 Nd7 13. Ng3 Nhf6 14. Bxg7 Kxg7 15. f4 Re8 16. O-O c4 17. Bxc4 Nc5 18.
Rae1 Qc7 19. e5 dxe5 20. d6 Nce4 21. Ncxe4 Qxc4 22. Nxf6 Kxf6 23. d7 Rd8 24. fxe5+ Kg7 25. Nh5+ Kf8 26.
Qh6+ Ke7 27. Qg5+ Kxd7 28. Rd1+ Kc6 29. Qxd8 Qc5+ 30. Kh1 Qxe5 31. Rc1+ Kb7 32. Rxf7+ Qe7 33. Rxe7+ Kb8 34. Rxc8# 1-0

[Event "Latvijas 2022. gada jauniešu čempionāta fināls"]
[Site "Riga, Latvia"]
[Date "2022.06.16"]
[Round "8.26"]
[White "Tabors, Emils"]
[Black "Springis, Jevgenijs"]
[Result "1/2-1/2"]
[TimeControl "3600+30"]
[WhiteElo "1813"]
[BlackElo "1975"]

1. d4 f5 2. c4 Nf6 3. Nc3 d6 4. Nf3 g6 5. g3 Bg7 6. Bg2 O-O 7. O-O Nc6 8. d5 Ne5 9. c5 Nf7 10.
cxd6 exd6 11. Qc2 Bd7 12. Be3 Qe7 13. Rac1 Rfe8 14. Rfd1 Ng4 15. Bd4 Nfe5 16. h3 Nxf3+ 17. exf3 Bxd4 18.
Rxd4 Ne3 19. Qd2 Nxg2 20. Kxg2 Qf6 21. Rf4 Qe5 22. Qd4 c5 23. dxc6 bxc6 24. Rd1 Qxd4 25. Rfxd4 d5 26. b4 Be6 27.
R4d2 a6 28. a4 Rab8 29. b5 axb5 30. axb5 cxb5 31. Nxd5 Bxd5 32. Rxd5 Re7 33. Rb1 Reb7 34. Rb4 Kf7 35. Re5 Kf6 36.
f4 g5 37. Kh2 h5 38. h4 gxf4 39. gxf4 Rg8 40. Rbxb5 Rxb5 41. Rxb5 Rg4 42. Rb6+ Kf7 43. Kh3 Rxf4 44. Kg3 Rg4+ 45. Kh3 Kg7 46. Ra6 f4 47. Rb6 Rg6 48. Rb5 Kh6 49. Rf5 Rg4 50. Rb5 Kg6 51.
Ra5 Rg1 52. Kh2 Rg4 53. Kh3 Kh6 54.
Rf5 1/2-1/2

[Event "Latvijas 2022. gada jauniešu čempionāta fināls"]
[Site "Riga, Latvia"]
[Date "2022.06.16"]
[Round "8.27"]
[White "Paikens, Reinis"]
[Black "Aleidzans, Vadims"]
[Result "1-0"]
[TimeControl "3600+30"]
[WhiteElo "1534"]
[BlackElo "1367"]

1. c4 e6 2. Nc3 d5 3. cxd5 exd5 4. d4 Nf6 5. g3 c6 6. Bg2 Bd6 7. Nf3 O-O 8. O-O Re8 9. Re1 Bf5 10.
Nh4 Bg4 11. Qc2 Qb6 12. Qd3 Nbd7 13. f3 Bh5 14. e4 dxe4 15. fxe4 c5 16. Be3 cxd4 17. Bxd4 Bc5 18. Bxc5 Nxc5 19.
Qd4 Nd3 20. Qxb6 axb6 21. Reb1 Ng4 22. Bf3 Nf6 23. Bxh5 Nxh5 24. Rd1 Nxb2 25. Rd4 Nf6 26. Nf5 Rac8 27. Nb5 Rxe4 28. Rxe4 Nxe4 29.
Ne7+ 1-0

[Event "Latvijas 2022. gada jauniešu čempionāta fināls"]
[Site "Riga, Latvia"]
[Date "2022.06.16"]
[Round "9.1"]
[White "Freibergs, Filips"]
[Black "Vingris, Mikelis"]
[Result "0-1"]
[TimeControl "3600+30"]
[WhiteElo "1250"]
[BlackElo "1781"]

1. d4 Nf6 2. Nf3 c5 3. e3 g6 4. b3 Bg7 5. Bb2 cxd4 6. exd4 O-O 7. Nbd2 d6 8. Bd3 Nc6 9. a3 Re8 10.
O-O e5 11. dxe5 dxe5 12. Re1 Qc7 13. Bb5 Bg4 14. Bxc6 Qxc6 15. Rxe5 Red8 16. Bd4 Nh5 17. Rc5 Qd6 18. c3 b6 19.
Rc4 Be6 20. Rb4 Nf4 21. Bxg7 Kxg7 22. g3 Nh3+ 23. Kg2 Qc6 24. Rc1 Ng5 25. Qe2 Rxd2 26. Qxd2 Qxf3+ 27. Kf1 Bh3+ 28. Ke1 Re8+ 29.
Qe3 Rxe3+ 30. fxe3 Qxe3+ 31. Kd1 Qd3+ 32. Ke1 Ne4 33. Rd4 Qf1# 0-1

[Event "Latvijas 2022. gada jauniešu čempionāta fināls"]
[Site "Riga, Latvia"]
[Date "2022.06.16"]
[Round "9.2"]
[White "Petrovs, Renars"]
[Black "Sokolovskis, Pavels"]
[Result "1/2-1/2"]
[TimeControl "3600+30"]
[WhiteElo "1327"]
[BlackElo "1572"]

1. d4 d5 2. Bg5 h6 3. Bh4 Nf6 4.
Bxf6 gxf6 5. e3 e5 6. c4 Be6 7. Qb3 Nc6 8. Nf3 Bb4+ 9. Nc3 O-O 10. O-O-O Bxc3 11. Qxc3 e4 12. Nd2 Qe7 13.
cxd5 Bxd5 14. Bc4 Rfd8 15. Bxd5 Rxd5 16. Qb3 Rad8 17. Qxb7 Nb4 18. Kb1 Nd3 19. Rhf1 a6 20. Qc6 Rb5 21.
Nb3 Rdb8 22. Rxd3 exd3 23. Rd1 a5 24. Rd2 Qd6 25. Qxd6 cxd6 26. Nc1 Rh5 27. h3 Kf8 28. Nxd3 Ke7 29.
Nf4 Rhb5 30. g3 Rc8 31. Rc2 Rxc2 32. Kxc2 Rb8 1/2-1/2

[Event "Latvijas 2022. gada jauniešu čempionāta fināls"]
[Site "Riga, Latvia"]
[Date "2022.06.16"]
[Round "9.3"]
[White "Krastins, Arturs"]
[Black "Bogdanovics, Kirills"]
[Result "0-1"]
[TimeControl "3600+30"]
[WhiteElo "1506"]
[BlackElo "1785"]

1. g3 d5 2. Bg2 e5 3. d3 Nf6 4. Nd2 c5 5. e4 d4 6. a4 Nc6 7. Ne2 Be6 8. h3 Nd7 9. f4 f6 10.
O-O Qe7 11. Nf3 h6 12. Nh4 Qf7 13. f5 g5 14. fxe6 Qxe6 15. Nf5 a5 16. c3 Ra6 17. Qc2 Kd8 18. Bd2 Rh7 19. Rfb1 Nb6 20.
Nc1 Rc7 21. Qd1 c4 22. cxd4 Nxd4 23. Nxd4 exd4 24. dxc4 Nxc4 25. b3 Nxd2 26. Qxd2 Bb4 27. Qe2 Rac6 28. Nd3 Rc2 29. Qg4 Qxg4 30.
hxg4 R7c3 31. Bf1 Rd2 32. Rd1 Rxd1 33. Rxd1 Rxb3 34. Nxb4 Rxb4 35. Bb5 Ke7 36. Kf2 Ke6 37. Kf3 Ke5 38.
Rd3 Rb1 39. Bc4 Rf1+ 40. Ke2 Ra1 41. Bd5 Rxa4 42. Bxb7 Ra2+ 43. Kf3 a4 44. Bd5 Ra1 45. Rd2 Ra3+ 46. Kf2 Rc3 47. Ra2 a3 48.
Kf1 Rxg3 49. Rf2 d3 50. Ra2 Rxg4 51. Rxa3 Rf4+ 52. Kg2 Kd4 53. Ra4+ Ke3 54. Ra3 h5 55. Bc4 Rf2+ 56. Kg3 Rd2 57.
Ra6 Rc2 58. Bb3 Rc3 59. Bd1 h4 60. Kg4 Rc1 61. Rxf6 Rxd1 62. e5 Rg1+ 63. Kh3 d2 64. Rd6 d1=Q 0-1

[Event "Latvijas 2022. gada jauniešu čempionāta fināls"]
[Site "Riga, Latvia"]
[Date "2022.06.16"]
[Round "9.4"]
[White "Sterns, Tomass Kristians"]
[Black "Lahs, Einars"]
[Result "1/2-1/2"]
[TimeControl "3600+30"]
[WhiteElo "1431"]
[BlackElo "1675"]

1. d4 d5 2. c4 dxc4 3. e4 e5 4. Nf3 Bb4+ 5. Bd2 Bxd2+ 6. Qxd2 exd4 7. Nxd4 Qe7 8. Nc3 Nf6 9. Qg5 O-O 10.
Bxc4 h6 11. Qe3 c5 12. Nde2 Nc6 13. O-O Re8 14. f3 Be6 15. Bxe6 fxe6 16. Rfd1 Rad8 17. Rac1 Ne5 18. Na4 Rxd1+ 19. Rxd1 Rd8 20. Qc1 b6 21. Nac3 Rxd1+ 22. Qxd1 Qd7 23. Qxd7 Nfxd7 24. Nb5 Nc6 25. a3 Nde5 26. Nd6 Nf7 27.
Nxf7 Kxf7 28. Kf2 Na5 29. Nc1 Nc4 30.
Nd3 Kf6 31. Ke2 e5 32. a4 Ke6 1/2-1/2

[Event "Latvijas 2022. gada jauniešu čempionāta fināls"]
[Site "Riga, Latvia"]
[Date "2022.06.16"]
[Round "9.6"]
[White "Nazarovs, Daniils"]
[Black "Merzlovs, Timurs"]
[Result "0-1"]
[TimeControl "3600+30"]
[WhiteElo "1245"]
[BlackElo "1152"]

1. e4 e5 2. Nf3 Nc6 3. Bb5 Nd4 4. Nxd4 exd4 5. d3 c6 6. Bc4 d5 7. exd5 cxd5 8. Bb5+ Bd7 9. Bxd7+ Qxd7 10.
O-O Bd6 11. Nd2 Ne7 12. Nf3 Nc6 13. Re1+ Be7 14. Bf4 O-O 15. a3 Rfe8 16. Qd2 Bd6 17. h3 Qc7 18. Bxd6 Qxd6 19. Re2 Rxe2 20.
Qxe2 Kf8 21. Re1 Qd7 22. Ne5 Nxe5 23. Qxe5 Re8 24. Qxe8+ Qxe8 25. Rxe8+ Kxe8 26. Kh2 Kd7 27. Kg3 Kd6 28.
Kf4 f6 29. g4 a6 30. h4 Ke6 31. b3 b6 32. g5 f5 33. h5 g6 34. Kg3 Kd6 35. h6 Ke6 36. f4 Kd6 37. Kf2 Kc5 38.
Ke2 a5 39. Kd2 b5 40. c4 dxc4 41. Kc2 cxd3+ 42. Kxd3 Kd5 43. b4 a4 0-1